 Dungeon Crawl Stone Soup version 0.29-a0-676-ga64570c9d2 (webtiles) character file.

Game seed: 2361761611131817350

71720 lunkers the Black Belt (level 16, -10/168 HPs)
             Began as a Meteoran Transmuter on June 23, 2022.
             Was an Initiate of Gozag.
             Mangled by an orc warrior
             ... wielding a +0 battleaxe
              (21 damage)
             ... on level 1 of the Orcish Mines on June 25, 2022.
             The game lasted 00:53:38 (10164 turns).

lunkers the Black Belt (Meteoran Transmuter)       Turns: 10164, Time: 00:53:38

Health: -10/168    AC: 15    Str: 13    XL:     16   Next: 30%
Magic:  0/21       EV: 20    Int: 15    God:    Gozag
Gold:   5534       SH:  0    Dex: 22    Spells: 7/20 levels left

rFire   x . .      SeeInvis .     - Unarmed
rCold   + + +      Faith    .   (shield currently unavailable)
rNeg    . . .      Spirit   +   (body armour currently unavailable)
rPois   +          Reflect  .   (helmet currently unavailable)
rElec   .          Harm     .   (cloak currently unavailable)
rCorr   .          Rampage  .   (gloves currently unavailable)
Will    ++...                   (boots currently unavailable)
Stlth   +.........              k - amulet of guardian spirit
HPRegen 0.38/turn               c - +4 ring of protection
MPRegen 0.17/turn               l - +4 ring of protection

@: ice-form, wereblooded, glowing, studying Crossbows
A: freezing attack, amphibious, boosted hp, large, sense surroundings 2,
otherworldly, glowing, explore regen
a: End Transformation, Renounce Religion, Potion Petition, Call Merchant, Bribe
Branch


You were on level 1 of the Orcish Mines.
You worshipped Gozag.
Gozag was greatly pleased with you.
You were a creature of crystalline ice.
You visited 4 branches of the dungeon, and saw 21 of its levels.
You also visited: Gauntlet.

You collected 5897 gold pieces.
You spent 315 gold pieces at shops.
You paid 48 gold pieces to Gozag.

Inventory:

Missiles
 v - 5 throwing nets
 W - 3 silver javelins
Armour
 g - a +2 hat (melded)
 m - a +0 pair of gloves (melded)
 t - a +0 buckler of fire resistance
 w - a +2 robe of positive energy (melded)
 x - a +0 kite shield
 A - a +0 cloak (melded)
 R - the +3 helmet of Pessimism {*Corrode *Slow Int+9 SInv}
   (You found it in a Gauntlet)

   Int:       It affects your intelligence (+9).
   SInv:      It lets you see invisible.
   *Corrode:  It may corrode you when you take damage.
   *Slow:     It may slow you when you take damage.
 S - a +1 pair of boots of rampaging (melded)
Jewellery
 c - a +4 ring of protection (left front paw)
 k - an amulet of guardian spirit (around neck)
 l - a +4 ring of protection (right front paw)
 n - a ring of protection from cold
 q - a +4 ring of evasion
 y - a ring of magical power
 D - a ring of magical power
 O - a ring of resist corrosion
Wands
 o - a wand of paralysis (3)
 p - a wand of iceblast (27)
 C - a wand of flame (20)
 M - a wand of mindburst (6)
Scrolls
 d - a scroll of vulnerability
 e - 7 scrolls of identify
 i - 8 scrolls of teleportation
 B - 2 scrolls of brand weapon
 F - 2 scrolls of blinking
 G - 3 scrolls of enchant weapon
 H - 5 scrolls of magic mapping
 I - 4 scrolls of amnesia
 X - 2 scrolls of fog
 Z - 2 scrolls of fear
Potions
 a - 2 potions of brilliance
 b - 6 potions of lignification
 f - 9 potions of curing
 h - 7 potions of heal wounds
 j - 3 potions of attraction
 r - a potion of magic
 s - 3 potions of mutation
 u - 5 potions of cancellation
 z - 2 potions of ambrosia
 J - 2 potions of might
 K - 2 potions of resistance
 N - 2 potions of haste
 T - a potion of invisibility
 Y - 2 potions of berserk rage
Miscellaneous
 E - a tin of tremorstones (1/2)
 L - a condenser vane (inert)
 U - a phantom mirror


   Skills:
 + Level 12.3 Fighting
 + Level 13.7 Dodging
 * Level 19.7 Unarmed Combat
 - Level 2.6 Spellcasting
 + Level 14.2 Transmutations
 + Level 9.8 Evocations


You had 7 spell levels left.
You knew the following spells:

 Your Spells              Type           Power      Damage    Failure   Level
b - Wereblood             Tmut           44%        N/A       1%          2
c - Spider Form           Tmut/Pois      23%        N/A       3%          3
d - Ice Form              Ice/Tmut       23%        N/A       11%         4
e - Petrify               Tmut/Erth      23%        N/A       11%         4

Your spell library contained the following spells:

 Spells                   Type           Power      Damage    Failure   Level
 Beastly Appendage        Tmut           88%        N/A       1%          1
 Static Discharge         Conj/Air       2%         N/A       30%         2
 Sublimation of Blood     Necr           2%         N/A       30%         2
 Irradiate                Conj/Tmut      11%        3d17      30%         5
 Yara's Violent Unravell  Hex/Tmut       11%        3d6       30%         5
 Confusing Touch          Hex            2%         N/A       52%         3
 Inner Flame              Hex/Fire       2%         N/A       52%         3
 Cause Fear               Hex            1%         N/A       90%         4
 Dispel Undead            Necr           2%         3d7       90%         4
 Sticky Flame             Conj/Fire      2%         2d3       90%         4
 Summon Ice Beast         Ice/Summ       2%         N/A       90%         4
 Borgnjor's Vile Clutch   Necr/Erth      1%         N/A       99%         5
 Lightning Bolt           Conj/Air       1%         1d12      99%         5
 Summon Mana Viper        Hex/Summ       2%         N/A       99%         5
 Death Channel            Necr           1%         N/A       100%        6
 Enfeeble                 Hex            1%         N/A       100%        7
 Haunt                    Necr/Summ      1%         N/A       100%        7
 Monstrous Menagerie      Summ           1%         N/A       100%        7
 Summon Hydra             Summ           1%         N/A       100%        7
 Discord                  Hex            1%         N/A       100%        8
 Infestation              Necr           1%         N/A       100%        8
 Maxwell's Capacitive Co  Air            1%         ∞         100%        8
 Animate Dead             Necr           Unusable   N/A       N/A         4

Dungeon Overview and Level Annotations

Branches:
Dungeon (12/15) Zot: 2028  Temple (1/1) D:6 Zot: 323    Lair (6/6) D:10 Zot: 608
 Shoals (0/4) Lair:2        Snake (0/4) Lair:2        Slime (0/5) Lair:5
    Orc (2/2) D:12 Zot: 395 Gauntlet (visited)
    Elf: Orc:2

Altars:
Ashenzari
Cheibriados
Dithmenos
Elyvilon
Fedhas
Gozag
Hepliaklqana
Kikubaaqudgha
Makhleb
Nemelex Xobeh
Okawaru
Qazlal
Ru
Sif Muna
Trog
Uskayaw
Vehumet
Wu Jian
Xom
Yredelemnul
Zin
The Shining One
Lugonu

Shops:
D:6 [   D:7 [   D:8 *

Portals:
Abyss: Lair:6

Annotations:
Lair:2 exclusion: oklob plant


Innate Abilities, Weirdness & Mutations

You are a creature of crystalline ice.
You have a powerful freezing melee attack.
You are amphibious.
Your maximum health is increased.
Your armour is entirely melded.
You are incapable of wielding weapons or throwing items.
You passively map the area around you.
You are easily found by Zot.
You glow in the dark.
You regain HP and MP as you explore.


Message History

You punch the orc knight! You freeze the orc knight.
The orc knight is severely wounded.
The orc warrior hits you with a +0 battleaxe!!
* * * LOW MAGIC WARNING * * *
* * * LOW HITPOINT WARNING * * *
The orc hits you but does no damage. The orc wizard completely misses you.
Unknown command.
You barely miss the orc knight.
The orc knight is severely wounded.
The orc wizard no longer looks unusually strong.
The orc knight hits you with a +0 battleaxe!
* * * LOW MAGIC WARNING * * *
* * * LOW HITPOINT WARNING * * *
Unknown command.
Unknown command.
Unknown command.
You pummel the orc knight!! You freeze the orc knight!
You feel a bit better.
You kill the orc knight!
The orc warrior hits you with a +0 battleaxe!
* * * LOW MAGIC WARNING * * *
* * * LOW HITPOINT WARNING * * *
The orc completely misses you.
The orc wizard hits you but does no damage.
Unknown command.
Unknown command.
Unknown command.
Unknown command.
Unknown command.
Unknown command.
You hit the orc warrior. You freeze the orc warrior.
The orc warrior is lightly wounded.
You howl as the wereblood boils in your veins!
Unknown command.
Unknown command.
Unknown command.
You hit the orc warrior. You freeze the orc warrior.
The orc warrior is moderately wounded.
The orc warrior hits you with a +0 battleaxe!!
You die...
Your body crumbles into a pile of gold.

# ####..............##
#.#.##...............##
...........[[)#.......###
#.#.##..................#### #
####.....[[............#.##
#..................#...#
##.................##..##
######........o)$.....#.#...#
##.##.#..#.....oY[).......#.#####
#.........#.....[o...#.^.##.##.##
##....#....#........#....#.......
####.###.......................##
.##..##........................##
.......................#.#.##.##
..#.....................#.#####
..##.##.......)........#...#
......^.............#...#..##


You could see an orc warrior (strong), an orc wizard and an orc (strong).

Vanquished Creatures
  3 orc warlords
  A reaper (Gauntlet)
  Nessos (Lair:5)
  A minotaur (Gauntlet)
  6 hydras
  Josephine (D:11)
  2 boulder beetles
  3 two-headed ogres
  Erica (D:11)
  2 death yaks (Lair:6)
  A death scarab (Gauntlet)
  Nergalle (D:11)
  An orc high priest (Orc:1)
  3 thrashing horrors (Lair:6)
  A spectral hydra (Gauntlet)
  Pikel (D:5)
  3 cyclopes
  6 orc knights
  3 ugly things
  2 manticores
  3 orc sorcerers
  Maurice (Orc:1)
  A guardian serpent (shapeshifter) (Lair:6)
  3 large abominations (Lair:6)
  3 black mambas
  A smoke demon (Lair:6)
  A gargoyle (D:10)
  3 torpor snails
  17 elephants
  9 komodo dragons
  An unseen horror (D:11)
  9 cane toads
  An unseen horror (shapeshifter) (Lair:6)
  4 yaktaurs (D:12)
  2 rime drakes
  3 kobold demonologists
  3 ancient zymes (Lair:6)
  2 hellwings (Gauntlet)
  3 merfolk (Lair:2)
  4 trolls
  28 blink frogs
  A dream sheep (Lair:3)
  A jumping spider (shapeshifter) (Gauntlet)
  7 wraiths
  A shadow (D:11)
  A spriggan (Lair:6)
  4 wyverns
  53 yaks
  4 basilisks
  2 chaos spawn (Lair:6)
  A steam dragon (D:9)
  7 wargs
  11 small abominations (Lair:6)
  3 nagas (Lair:2)
  An acid dragon (D:9)
  5 water moccasins
  29 orc warriors
  5 ice beasts
  A black bear (shapeshifter) (Lair:6)
  2 sky beasts
  3 black bears
  5 ogres
  A centaur (D:9)
  5 phantoms
  4 wolves (Lair:2)
  2 kobold brigands
  2 gnoll sergeants
  6 bullfrogs
  3 scorpions
  4 wights (D:7)
  6 killer bees (D:8)
  3 electric eels
  3 howler monkeys
  14 orc priests
  3 hounds
  4 jellies
  2 gnoll shamans
  Ijyb (D:3)
  4 iguanas
  22 orc wizards
  5 hell rats (Lair:6)
  17 gnolls
  6 adders
  3 shadow imps
  An ufetubus (D:5)
  5 worms
  A dart slug (D:4)
  85 orcs
  4 endoplasms
  4 giant cockroaches
  9 goblins
  5 hobgoblins
  3 jackals (D:3)
  3 quokkas
  2 ball pythons (D:3)
  A bat (D:1)
  A frilled lizard (D:3)
  14 kobolds
  2 rats (D:2)
552 creatures vanquished.

Vanquished Creatures (others)
  20 fungi
  26 plants
46 creatures vanquished.

Grand Total: 598 creatures vanquished

Notes
Turn   | Place    | Note
-------+----------+-------------------------------------------
     0 | D:1      | lunkers the Meteoran Transmuter began the quest for the
                  | Orb.
     0 | D:1      | Reached XP level 1. HP: 16/16 MP: 5/5
   115 | D:1      | Reached skill level 4 in Unarmed Combat
   115 | D:1      | Reached XP level 2. HP: 23/23 MP: 4/6
   396 | D:2      | Reached XP level 3. HP: 26/28 MP: 8/8
   424 | D:2      | Reached XP level 4. HP: 28/35 MP: 9/9
   509 | D:2      | Reached skill level 5 in Unarmed Combat
   573 | D:3      | Learned a level 2 spell: Wereblood
   577 | D:3      | Learned a level 3 spell: Spider Form
   733 | D:3      | Noticed an ice beast
   750 | D:3      | Killed an ice beast
   751 | D:3      | Reached skill level 6 in Unarmed Combat
   751 | D:3      | Reached XP level 5. HP: 10/40 MP: 2/10
   751 | D:3      | Reached XP level 6. HP: 12/47 MP: 2/11
   882 | D:3      | Noticed Ijyb
   896 | D:3      | Killed Ijyb
  1058 | D:4      | Found an opulent altar of Gozag.
  1091 | D:4      | Became a worshipper of Gozag Ym Sagoz the Greedy
  1223 | D:4      | Reached skill level 7 in Unarmed Combat
  1333 | D:5      | Entered Level 5 of the Dungeon
  1341 | D:5      | Reached XP level 7. HP: 38/52 MP: 6/12
  1344 | D:5      | Noticed Pikel
  1363 | D:5      | Killed Pikel
  1364 | D:5      | Reached skill level 8 in Unarmed Combat
  1364 | D:5      | Reached skill level 5 in Transmutations
  1364 | D:5      | Reached XP level 8. HP: 47/63 MP: 7/13
  1476 | D:5      | HP: 2/63 [something/magic dart (6)]
  1594 | D:5      | Reached skill level 9 in Unarmed Combat
  1665 | D:5      | Gained mutation: You passively map the area around you.
                  | [Meteoran growth]
  1665 | D:5      | Reached XP level 9. HP: 65/71 MP: 10/14
  1726 | D:5      | Reached skill level 5 in Dodging
  1790 | D:6      | Found Ralludeg's Armour Shoppe.
  1863 | D:6      | Reached skill level 10 in Unarmed Combat
  1929 | D:6      | Learned a level 4 spell: Ice Form
  2028 | D:6      | Found a staircase to the Ecumenical Temple.
  2034 | Temple   | Entered the Ecumenical Temple
  2412 | D:6      | Reached skill level 5 in Fighting
  2640 | D:6      | Reached XP level 10. HP: 81/81 MP: 11/15
  2799 | D:7      | Reached skill level 11 in Unarmed Combat
  2919 | D:7      | Found Vibbucs Masi's Armour Shoppe.
  2926 | D:7      | Bought a +0 buckler of fire resistance for 115 gold pieces
  3481 | D:8      | Found Sowulau's CLEARANCE SALE!.
  3488 | D:8      | Bought a tin of tremorstones (2/2) for 200 gold pieces
  3606 | D:8      | Reached skill level 12 in Unarmed Combat
  3922 | D:9      | Found a blossoming altar of Fedhas.
  3987 | D:9      | Noticed a kobold demonologist
  4000 | D:9      | Noticed a hellwing
  4006 | D:9      | Killed a kobold demonologist
  4013 | D:9      | Found a radiant altar of Vehumet.
  4078 | D:9      | Reached XP level 11. HP: 61/91 MP: 6/16
  4221 | D:9      | You fall into a shaft and drop 1 floor!
  4221 | D:10     | Entered Level 10 of the Dungeon
  4293 | D:10     | Found a staircase to the Lair.
  4293 | D:10     | Noticed a cyclops
  4328 | D:10     | Killed a cyclops
  4329 | D:10     | Reached skill level 13 in Unarmed Combat
  4538 | D:10     | Found a white marble altar of Elyvilon.
  4690 | Lair:1   | Entered Level 1 of the Lair of Beasts
  4737 | Lair:2   | Noticed a black mamba
  4739 | Lair:2   | Noticed a four-headed hydra
  4744 | Lair:2   | Killed a black mamba
  4749 | Lair:2   | Killed a four-headed hydra
  4775 | Lair:2   | Reached skill level 10 in Transmutations
  4786 | Lair:2   | Reached skill level 14 in Unarmed Combat
  4797 | Lair:2   | Reached XP level 12. HP: 85/101 MP: 12/17
  4801 | Lair:2   | Found a staircase to the Snake Pit.
  4818 | Lair:2   | Noticed an eight-headed hydra
  4825 | Lair:2   | Killed an eight-headed hydra
  4993 | Lair:2   | Found a hide-covered altar of Uskayaw.
  5086 | Lair:3   | Reached skill level 1 in Evocations
  5094 | Lair:3   | Reached skill level 10 in Dodging
  5154 | Lair:3   | Reached skill level 15 in Unarmed Combat
  5449 | Lair:4   | Reached XP level 13. HP: 111/111 MP: 13/18
  5650 | Lair:4   | Reached skill level 16 in Unarmed Combat
  5812 | Lair:5   | Found a gate leading to a gauntlet.
  5817 | Gauntlet | Entered a Gauntlet
  5817 | Gauntlet | Found a transporter.
  5818 | Gauntlet | Noticed a death scarab
  5820 | Gauntlet | Found a transporter.
  5822 | Gauntlet | Found a transporter.
  5836 | Gauntlet | Found a transporter.
  5838 | Gauntlet | Found a transporter.
  5840 | Gauntlet | Noticed a green death
  5850 | Gauntlet | Found a transporter.
  5865 | Gauntlet | Found a transporter.
  5875 | Gauntlet | Found a transporter.
  5876 | Gauntlet | Noticed a ghost crab
  5882 | Gauntlet | Noticed a reaper
  5885 | Gauntlet | Found a transporter.
  5899 | Gauntlet | Found a transporter.
  5908 | Gauntlet | Found a transporter.
  5910 | Gauntlet | Found a transporter.
  5944 | Gauntlet | Killed a death scarab
  5945 | Gauntlet | Reached skill level 5 in Evocations
  5959 | Gauntlet | Reached skill level 10 in Fighting
  6004 | Gauntlet | Found a transporter.
  6241 | Gauntlet | Killed a reaper
  6244 | Gauntlet | HP: 10/202 [shadow imp (1)]
  6263 | Gauntlet | Identified the +3 helmet of Pessimism {*Corrode *Slow Int+9
                  | SInv}
  6316 | Gauntlet | Glimpsed the power of Zot.
  6317 | Gauntlet | Noticed a minotaur
  6325 | Gauntlet | Killed a minotaur
  6328 | Gauntlet | Identified the +0 chain mail of Huryd {Dex+2}
  6364 | Lair:5   | Learned a level 4 spell: Petrify
  6364 | Lair:5   | Upgraded the game from 0.29-a0-668-g12ee2bf84d to
                  | 0.29-a0-676-ga64570c9d2
  6438 | Lair:5   | Reached XP level 14. HP: 115/122 MP: 11/19
  6501 | Lair:5   | Noticed Nessos
  6512 | Lair:5   | Killed Nessos
  6572 | Lair:5   | Reached skill level 17 in Unarmed Combat
  6595 | Lair:5   | Found a staircase to the Slime Pits.
  6859 | Lair:6   | Entered Level 6 of the Lair of Beasts
  6989 | Lair:6   | Found an iron altar of Okawaru.
  7471 | Lair:6   | Reached skill level 18 in Unarmed Combat
  7580 | Lair:6   | Reached XP level 15. HP: 130/130 MP: 18/20
  7598 | Lair:6   | Found a corrupted altar of Lugonu.
  7598 | Lair:6   | Found a one-way gate to the infinite horrors of the Abyss.
  7606 | Lair:6   | Identified the +10 spear of Goref {vorpal, Str+4}
  8211 | Lair:2   | Found a staircase to the Shoals.
  8514 | D:11     | Noticed Erica
  8516 | D:11     | Found a sparkling altar of Nemelex Xobeh.
  8521 | D:11     | Killed Erica
  8577 | D:11     | Noticed Nergalle
  8592 | D:11     | Killed Nergalle
  8795 | D:11     | Noticed Josephine
  8802 | D:11     | Killed Josephine
  8984 | D:12     | Found a staircase to the Orcish Mines.
  9026 | Orc:1    | Entered Level 1 of the Orcish Mines
  9030 | Orc:1    | Reached skill level 19 in Unarmed Combat
  9068 | Orc:1    | Noticed Maurice
  9080 | Orc:1    | Killed Maurice
  9281 | Orc:2    | Entered Level 2 of the Orcish Mines
  9285 | Orc:2    | Noticed an orc warlord
  9351 | Orc:1    | Killed an orc warlord
  9361 | Orc:1    | HP: 4/158 [orc warrior/+0 hand axe (10)]
  9485 | Orc:2    | Noticed an orc warlord
  9856 | Orc:2    | Reached XP level 16. HP: 59/139 MP: 5/21
  9859 | Orc:2    | Noticed an orc warlord
  9869 | Orc:2    | Killed an orc warlord
  9916 | D:12     | HP: 8/166 [white ugly thing (9)]
 10151 | Orc:2    | Killed an orc warlord
 10164 | Orc:1    | Mangled by an orc warrior

Illustrated notes

Levels and vault maps discovered:
D:1:      dpeg_arrival_simpleton_a, layout_rooms
D:2:      layout_basic, basic_altar
D:3:      kennysheep_goblin_castle, layout_rooms, nicolae_underground_beach
D:4:      nicolae_cairo_tiling, layout_basic, nicolae_gozag_seed_capital
D:5:      layout_rooms, grunt_ministairs_6, uniq_pikel
D:6:      layout_gridville, minmay_temple_entry_hall, serial_shops,
          nicolae_stop_n_shop_2, nicolae_elevator_lobby_plus
D:7:      layout_basic, serial_shops, shop, uniq_crazy_yiuf_cottage
D:8:      layout_cave_pools, nicolae_shop_clearance
D:9:      layout_loops_ring, fedhas_altar_3, vehumet_crystals, serial_glass,
          glass_columns_a, glass_columns_a, minmay_strange_pillars
D:10:     layout_irregular_city, elyvilon_altar_5, erik_lair_orcish_takeover
D:11:     layout_rooms, nemelex_altar_shiori, uniq_erica, uniq_josephine,
          uniq_nergalle
D:12:     layout_rooms, hiddenorc2_lemuel
Temple:   dpeg_five_rooms_temple
Lair:1:   layout_regular_city, chequers_serial_rivers_room_a,
          infiniplex_staircase_pool_2, lemuel_fruit_tree, serial_bayou_shore_a
Lair:2:   minmay_lair_oklob_chamber, layout_regular_city,
          elwin_shoals_entry_rooms, minmay_snake_entry_guardpost_small,
          basic_altar
Lair:3:   layout_chaotic_city, wad_woods_river_01
Lair:4:   statuecave_lemuel, layout_small_grid
Lair:5:   layout_cave_pods, dpeg_slime_entry_enclosed, gauntlet_entry_generic,
          lemuel_fruit_fields, grunt_megastairs_3, uniq_nessos
Lair:6:   hellmonk_lair_end_abyssal_woods, layout_layer_cave, basic_altar
Orc:1:    layout_caves, basic_altar, uniq_urug, uniq_maurice
Orc:2:    grunt_orc_cross, layout_caves, basic_altar, serial_shops,
          nicolae_shop_advertising_works [nicolae_subvault_shop_adworks],
          minmay_orc_treasury

Skill      XL: |  1  2  3  4  5  6  7  8  9 10 11 12 13 14 15 16 |
---------------+-------------------------------------------------+-----
Unarmed Combat | 4 6 7 8 9 10 12 14 15 16 18 19 | 19.7
Transmutations | 3 4 5 6 7 8 10 11 12 13 14 | 14.2
Fighting       | 3 5 6 8 9 10 11 12 | 12.3
Dodging        | 4 6 7 9 10 11 12 13 | 13.7
Evocations     | 3 5 7 9 |  9.8
Spellcasting   | |  2.6

Action                   |  1- 3 |  4- 6 |  7- 9 | 10-12 | 13-15 | 16-18 || total
-------------------------+-------+-------+-------+-------+-------+-------++-------
Melee: Unarmed           |    54 |   113 |   190 |   450 |   779 |    72 ||  1658
       Headbutt          |    14 |     9 |       |       |       |       ||    23
       Kick              |     8 |     9 |       |       |       |       ||    17
       Punch             |       |     1 |     1 |       |     2 |       ||     4
 Cast: Beastly Appendage |     7 |     8 |       |       |       |       ||    15
       Spider Form       |       |     7 |    18 |    22 |     2 |       ||    49
       Ice Form          |       |       |       |    17 |    50 |     5 ||    72
       Wereblood         |       |       |       |       |     4 |     4 ||     8
       Petrify           |       |       |       |       |     1 |       ||     1
Evoke: Tin of tremorston |       |       |       |       |     1 |       ||     1
       Condenser vane    |       |       |       |       |       |     1 ||     1
  Use: Scroll            |       |       |    15 |     9 |     2 |       ||    26
       Potion            |       |       |       |       |     2 |       ||     2
 Stab: Distracted        |       |       |     1 |     4 |     7 |       ||    12
       Petrified         |       |       |       |       |     3 |       ||     3
Armor: Robe              |    21 |    25 |    24 |    13 |    16 |       ||    99
       Skin              |       |    11 |    26 |    93 |   223 |    20 ||   373
Dodge: Dodged            |    11 |    51 |   162 |   334 |   501 |    57 ||  1116

Table legend: (Time is in decaauts)
 A = Elapsed time spent in this place.
 B = Non-inter-level travel time spent in this place.
 C = Inter-level travel time spent in this place.
 D = Time resting spent in this place.
 E = Time spent auto-exploring this place.
 F = Levels seen in this place.
 G = Mean time per level.
                   A        B        C        D        E       F      G
               +--------+--------+--------+--------+--------+-----+--------+
         Total |   9776 |   9133 |    643 |    455 |    550 |  22 |  444.4 |
       Dungeon |   5171 |   4750 |    421 |      0 |    223 |  12 |  430.9 |
        Temple |    276 |    244 |     32 |      0 |    219 |   1 |  276.0 |
          Lair |   2991 |   2807 |    184 |      0 |    108 |   6 |  498.5 |
  Orcish Mines |    803 |    798 |      5 |    257 |      0 |   2 |  401.5 |
      Gauntlet |    532 |    532 |      0 |    198 |      0 |   1 |  532.0 |
               +--------+--------+--------+--------+--------+-----+--------+

Top non-repeatable levels by time:
  Lair:6: 901 daAuts
   Orc:1: 759 daAuts
     D:6: 626 daAuts
  Lair:4: 604 daAuts
     D:7: 546 daAuts
Gauntlet: 532 daAuts
  Lair:5: 519 daAuts
     D:9: 495 daAuts
     D:3: 475 daAuts
    D:10: 472 daAuts
  Lair:2: 444 daAuts
    D:12: 442 daAuts
     D:5: 439 daAuts
     D:8: 427 daAuts
    D:11: 405 daAuts
